 Dungeon Crawl Stone Soup version 0.29-a0-1047-g7c58e119a4 (webtiles) character file.

Game seed: 3994109225032236437

348586 drugrobin the Slayer (level 20, -2/192 (199) HPs)
             Began as a Demigod Delver on Aug 16, 2022.
             Killed from afar by an elemental wellspring (40 damage)
             ... with a torrent of water
             ... on level 2 of Cocytus.
             The game lasted 03:13:37 (65549 turns).

drugrobin the Slayer (Demigod Delver)              Turns: 65549, Time: 03:13:38

HP:   -2/192 (199)  AC: 24    Str: 25      XL:     20   Next: 37%
MP:   37/37         EV: 15    Int: 27      God:
Gold: 171           SH: 11    Dex:  8 (15) Spells: 1/35 levels left

rFire   + . .      SeeInvis +   a - +8 broad axe (spect)
rCold   + + +      Faith    .   n - +2 buckler {AC+3}
rNeg    . . .      Spirit   .   P - +4 skin of Zhor {*Englaciate rC+++ SInv}
rPois   .          Reflect  +   K - +2 helmet {Int+3}
rElec   .          Harm     .   Q - scarf {rC+ rF+}
rCorr   .          Rampage  .   L - +3 pair of gauntlets of War {Slay+5}
Will    +....                   w - +2 pair of boots
Stlth   +.........              z - amulet of reflection
HPRegen 0.42/turn               i - +4 ring of protection
MPRegen 0.25/turn               M - +4 ring of slaying

@: weak-willed, engulfed (cannot breathe), studying Evocations, lightly drained,
unable to drink, very slow
A: high MP 1, forlorn, divine attributes
}: 2/15 runes: serpentine, barnacled
a: no special abilities


You were on level 2 of Cocytus.
You visited 10 branches of the dungeon, and saw 38 of its levels.
You visited 1 bazaar.
You also visited: Trove and Ice Cave.

You collected 3911 gold pieces.
You spent 3740 gold pieces at shops.

Inventory:

Hand Weapons
 a - a +8 spectral broad axe (weapon)
 c - a +1 demon whip of venom
Missiles
 m - 9 boomerangs (quivered)
 E - 4 throwing nets
 V - a curare-tipped dart
Armour
 n - a +2 buckler of protection (worn)
 w - a +2 pair of boots (worn)
 A - the +4 faerie dragon scales {rElec rCorr}
   (You took it off the Enchantress on level 1 of the Depths)

   rElec:     It insulates you from electricity.
   rCorr:     It protects you from acid and corrosion.
 K - a +2 helmet of intelligence (worn)
 L - the +3 pair of gauntlets of War (worn) {Slay+5}
   (You bought it in a shop on level 1 of the Snake Pit)

   Slay:      It affects your accuracy & damage with ranged weapons and melee
   (+5).
 P - the +4 skin of Zhor (worn) {*Englaciate rC+++ SInv}
   (You found it on level 2 of the Depths)

   It radiates cold, occasionally slowing all nearby creatures who are not
   resistant to cold.
   rC:        It renders you almost immune to cold.
   SInv:      It lets you see invisible.
 Q - a scarf of resistance (worn)
Jewellery
 i - a +4 ring of protection (left hand)
 k - a ring of willpower
 z - an amulet of reflection (around neck)
 I - a ring of protection from fire
 M - a +4 ring of slaying (right hand)
 S - a ring of poison resistance
 Z - a ring of resist corrosion
Wands
 d - a wand of mindburst (15)
 j - a wand of quicksilver (22)
 l - a wand of roots (33)
 t - a wand of digging (8)
 v - a wand of paralysis (10)
 y - a wand of flame (3)
Scrolls
 b - 17 scrolls of teleportation
 C - 11 scrolls of vulnerability
 G - 6 scrolls of fear
 R - 4 scrolls of magic mapping
 T - 2 scrolls of blinking
 U - 3 scrolls of summoning
 W - 10 scrolls of poison
 X - 6 scrolls of fog
Potions
 f - 9 potions of haste
 h - 4 potions of heal wounds
 o - 10 potions of might
 p - 22 potions of curing
 r - 6 potions of resistance
 B - 15 potions of ambrosia
 D - a potion of invisibility
 H - 9 potions of attraction
 J - 8 potions of lignification
 O - 6 potions of berserk rage
Miscellaneous
 e - a box of beasts
 g - a phial of floods
 q - a lightning rod (4/4)
 s - a phantom mirror
 u - the horn of Geryon
 F - a tin of tremorstones (1/2)
 Y - a condenser vane (inert)


   Skills:
 + Level 21.6 Fighting
 - Level 18.0 Axes
 - Level 7.0 Armour
 + Level 15.2 Dodging
 - Level 4.6 Stealth
 - Level 4.0 Shields
 - Level 8.0 Spellcasting
 - Level 8.0 Conjurations
 - Level 14.0 Evocations


You had one spell level left.
You knew the following spells:

 Your Spells              Type           Power      Damage    Failure   Level
a - Conjure Flame         Conj/Fire      32%        6-21      3%          3
b - Swiftness             Air            10%        N/A       21%         3
c - Confusing Touch       Hex            10%        N/A       21%         3
d - Call Canine Familiar  Summ           10%        N/A       21%         3
e - Vampiric Draining     Necr           10%        2d6       21%         3
f - Hailstorm             Conj/Ice       32%        3d8       13%         4
g - Flame Wave            Conj/Fire      32%        2d9       13%         4
h - Fulminant Prism       Conj/Hex       16%        3d11      13%         4
i - Frozen Ramparts       Ice            20%        1d4       21%         3
j - Summon Lightning Spi  Summ/Air       10%        N/A       54%         4

Your spell library contained the following spells:

 Spells                   Type           Power      Damage    Failure   Level
 Foxfire                  Conj/Fire      100%       2x1d9     1%          1
 Magic Dart               Conj           100%       1d8       1%          1
 Shock                    Conj/Air       100%       1d9       1%          1
 Freeze                   Ice            40%        1d6       7%          1
 Slow                     Hex            40%        N/A       7%          1
 Searing Ray              Conj           100%       2d8       1%          2
 Poisonous Vapours        Pois/Air       20%        N/A       10%         2
 Inner Flame              Hex/Fire       10%        N/A       21%         3
 Portal Projectile        Hex/Tloc       20%        N/A       21%         3
 Airstrike                Air            5%         2d(1-17)  54%         4
 Animate Dead             Necr           10%        N/A       54%         4
 Cause Fear               Hex            5%         N/A       54%         4
 Corpse Rot               Necr/Pois/Air  10%        N/A       54%         4
 Ice Form                 Ice/Tmut       10%        N/A       54%         4
 Leda's Liquefaction      Hex/Erth       5%         N/A       54%         4
 Passage of Golubria      Tloc           10%        N/A       54%         4
 Petrify                  Tmut/Erth      10%        N/A       54%         4
 Freezing Cloud           Conj/Ice/Air   12%        6-21      54%         5
 Metabolic Englaciation   Hex/Ice        5%         N/A       88%         5
 Silence                  Hex/Air        5%         N/A       88%         5
 Statue Form              Tmut/Erth      6%         N/A       100%        6
 Haunt                    Necr/Summ      5%         N/A       100%        7
 Storm Form               Tmut/Air       5%         N/A       100%        7
 Discord                  Hex            5%         N/A       100%        8
 Infestation              Necr           5%         N/A       100%        8
 Lehudib's Crystal Spear  Conj/Erth      16%        10d5      100%        8
 Maxwell's Capacitive Co  Air            5%         ∞         100%        8


Dungeon Overview and Level Annotations

Branches:
Dungeon (15/15)            Temple (0/1) D:6            Lair (5/5) D:9
 Shoals (4/4) Lair:3        Snake (4/4) Lair:3        Slime (0/5) Lair:5
    Orc (2/2) D:9             Elf (0/3) Orc:2        Vaults (1/5) D:13
 Depths (3/4) D:15           Hell (visited)             Dis (0/7) Hell
    Geh (0/7) Hell            Coc (2/7) Hell            Tar (1/7) Hell
  IceCv (visited)

Shops:
D:6 ((!   D:12 *   D:14 =   Orc:2 (*!!   Shoals:3 *   Snake:1 [[[=   Vaults:1 (
Depths:1 :==   Depths:2 :

Portals:
Hell: Depths:1 Depths:2
Abyss: Depths:2 Depths:3
Pandemonium: Depths:1 Depths:2

Annotations:
D:15 3 runed translucent doors, Newt's ghost, journeyman DsGl
Shoals:2 3 runed translucent doors, Zeldest's ghost, journeyman MeVM
Depths:1 4 transporters
Depths:3 3 runed translucent doors, Sigur's ghost, adept FeVM


Innate Abilities, Weirdness & Mutations

You have an increased reservoir of magic. (+10% MP)
You shall have no god before yourself.
Your divine heritage dramatically boosts your attributes as you level up.


Message History

Unknown command.
Unknown command.
Unknown command.
Unknown command.
Unknown command.
Unknown command.
Unknown command.
Unknown command.
It's too cold; everything's frozen solid!
Clouds of flame condense around you!
The condenser dries out!
You radiate an aura of cold.
The nargun is unaffected.
The water elemental seems to slow down.
The elemental wellspring resists.
The water elemental seems to slow down.
The nargun is unaffected.
The water elemental seems to slow down. x2; The nargun is unaffected.
The dire elephant simulacrum is unaffected.
The frost giant is unaffected.
The water elemental seems to slow down. x3
The alligator snapping turtle simulacrum is unaffected.
The five-headed hydra simulacrum is unaffected.
The water elemental resists.
The water elemental seems to slow down.
The elemental wellspring resists.
The nargun is unaffected.
The elemental wellspring resists.
The wendigo is unaffected.
* * * LOW HITPOINT WARNING * * *
Your lungs strain for air!
The wendigo is engulfed in blazing flames.
The elemental wellspring is engulfed in blazing flames. x2
The water elemental is engulfed in blazing flames. x2
The water elemental closely misses you.
The dire elephant simulacrum is engulfed in blazing flames.
The water elemental is engulfed in blazing flames. x2
You block the water elemental's attack.
The water elemental is engulfed in blazing flames.
The alligator snapping turtle simulacrum closely misses you.
The water elemental is engulfed in blazing flames.
The water elemental barely misses you.
The water elemental is engulfed in blazing flames.
The elemental wellspring is engulfed in blazing flames.
A torrent of water rises up through the elemental wellspring!
The torrent of water passes through the water elemental.
The torrent of water hits you!!!
You die...

~~.§§§....≈≈~.~≈
.≈.§§R..§§§≈~..≈
.≈≈§§§≈~§E§≈~..#
.≈≈≈≈≈§§§§§~....
≈§§§.§§EEE§§~..
≈§Z§.§Z§CEE§#
≈§§§.§EEE99§#
≈≈≈≈≈§E9@§§§#
≈≈≈≈≈§§EE§..#
≈≈≈≈≈§§Z§§≈≈.≈#
≈≈≈≈≈§§§≈≈≈≈≈~..
≈≈...§9§.≈≈≈≈~..
.....§§§...≈~≈≈.
~≈≈.....≈≈≈~≈≈≈≈
≈~≈≈≈≈≈≈≈≈≈~≈≈≈≈


You could see a frost giant, a wendigo, 3 elemental wellsprings, 4 narguns, 9
water elementals, a five-headed hydra simulacrum, a dire elephant simulacrum and
an alligator snapping turtle simulacrum.

Vanquished Creatures
  An ancient lich (Hell)
  Vv (Depths:3)
  Vashnia (Snake:2)
  Nikola (Snake:1)
  Geryon (Hell)
  the Enchantress (Depths:1)
  Rupert (Lair:5)
  An Ice Fiend (Hell)
  2 liches (Depths:1)
  Jorgrun (D:12)
  Murray (Depths:1)
  Polyphemus (Shoals:3)
  2 krakens
  A sphinx (Vaults:1)
  4 tengu reavers
  A shadow dragon (Hell)
  Agnes (Snake:4)
  Kirke (D:13)
  Ilsuiw (Shoals:4)
  A nagaraja (Snake:2)
  An azure jelly (Coc:1)
  2 narguns (Hell)
  An iron dragon (Hell)
  2 vault wardens (Vaults:1)
  A balrug (Depths:2)
  5 frost giants
  A cacodemon (Depths:2)
  Aizul (Snake:3)
  3 fire giants
  A shard shrike simulacrum (Coc:2)
  3 spriggan defenders
  3 reapers (Hell)
  5 ironbound preservers (Vaults:1)
  A war gargoyle (Depths:2)
  Nessos (D:12)
  5 stone giants
  12 very ugly things
  A lorocyproca (Depths:1)
  2 wendigos
  A vampire knight (Depths:1)
  An entropy weaver (Vaults:1)
  2 elemental wellsprings (Coc:2)
  3 spark wasps
  The ghost of JakeJacob the Tortoise, a journeyman GrBe of Trog (Lair:3)
  6 jiangshi (Depths:3)
  3 iron golems
  11 merfolk javelineers
  4 blizzard demons
  3 ettins
  A fire dragon (Depths:2)
  14 merfolk impalers
  2 yaktaur captains (Vaults:1)
  3 hydras
  Josephine (D:13)
  2 rakshasas (Depths:1)
  A great orb of eyes (Vaults:1)
  6 ice dragons
  4 salamander tyrants
  3 boulder beetles (D:14)
  4 catoblepae
  A vault guard (D:13)
  4 merfolk avatars
  2 spriggan air magi (Depths:1)
  10 centaur warriors
  An ogre mage (D:15)
  10 naga warriors
  3 ironbound frosthearts
  A death knight (D:14)
  21 anacondas
  4 tengu warriors
  2 alligator snapping turtles
  3 merfolk aquamancers
  An alligator (Lair:3)
  16 death yaks
  2 deep troll shamans
  2 satyrs (Shoals:4)
  4 two-headed ogres
  9 deep troll earth magi
  5 orc high priests (Orc:2)
  4 vampire magi
  6 shock serpents
  4 spriggan berserkers
  Sonja (Orc:2)
  20 naga sharpshooters
  11 hell knights
  6 salamander mystics
  8 sun demons
  6 iron trolls
  9 soul eaters
  A shadow wraith (Hell)
  Amaemon (Lair:1)
  7 skeletal warriors (D:15)
  2 spriggans (Depths:3)
  A sixfirhy (Depths:1)
  2 quicksilver dragon simulacra (Coc:1)
  Lodul (D:12)
  9 naga ritualists
  31 deep trolls
  A glowing orange brain (Depths:3)
  9 sea snakes
  2 kraken simulacra (Hell)
  An anaconda zombie (Hell)
  An ironbound convoker (Vaults:1)
  3 phantasmal warriors
  15 orc knights
  20 mana vipers
  7 deep elf pyromancers
  2 spriggan simulacra (Coc:1)
  7 lindwurms
  22 harpies
  2 necromancers
  An orc sorcerer (Orc:2)
  8 manticores
  2 wolf spiders (D:15)
  4 cyclopes
  18 fauns
  7 merfolk sirens
  35 ugly things
  23 salamanders
  3 vault sentinels (Vaults:1)
  9 elephants
  9 guardian serpents
  28 black mambas
  8 rust devils (Depths:1)
  14 naga magi
  2 ice statues
  A torpor snail (Lair:3)
  4 molten gargoyles (Hell)
  2 orange demons
  17 water nymphs
  7 smoke demons
  A hellion (Depths:1)
  A gargoyle (D:11)
  4 rime drakes
  Maggie (D:7)
  9 cane toads
  A demonic crawler (Depths:2)
  An efreet (D:15)
  6 yaktaurs
  7 komodo dragons
  A freezing wraith (D:13)
  A hellwing (Depths:1)
  An ice devil (Depths:1)
  2 anaconda simulacra (Hell)
  A golden dragon simulacrum (Coc:1)
  2 tengu conjurers (Depths:1)
  A tormentor (Hell)
  A sea snake zombie (Hell)
  12 polar bears
  4 meliai
  2 red devils (Hell)
  5 trolls
  2 queen bees
  5 wind drakes
  3 nameless horrors
  2 hydra zombies (Hell)
  17 merfolk
  A tengu simulacrum (Coc:2)
  21 slime creatures
  8 blink frogs
  An iron dragon simulacrum (Coc:1)
  5 hornets
  Prince Ribbit (D:6)
  19 dream sheep
  9 snapping turtles
  2 stone giant simulacra
  6 wraiths
  9 wyverns
  Sigmund (D:2)
  4 shadows
  15 water elementals
  2 alligator snapping turtle simulacra (Coc:1)
  A dire elephant simulacrum (Coc:1)
  A ynoxinul (Depths:1)
  4 basilisks
  A naga simulacrum (Coc:1)
  76 yaks
  Eustachio (D:6)
  4 vampire mosquitoes (D:14)
  2 chaos spawn
  A steam dragon (D:6)
  2 hogs (D:13)
  A redback (Vaults:1)
  6 wargs
  2 harpy simulacra (Coc:1)
  34 nagas
  An acid dragon (D:13)
  11 water moccasins
  A hydra simulacrum (Coc:1)
  4 hell hounds
  3 sky beasts
  37 orc warriors
  3 black bears
  17 wolves
  8 centaurs
  14 ogres
  3 phantoms
  2 kobold brigands
  A gnoll sergeant (D:10)
  2 necrophages
  7 bullfrogs
  3 scorpions
  4 wights (D:9)
  26 killer bees
  4 electric eels
  A jelly (D:6)
  A gnoll bouda (D:8)
  5 hounds
  34 orc priests
  Jessica (D:3)
  Natasha (thrice) (D:2)
  3 iguanas
  15 orc wizards
  Terence (D:1)
  10 gnolls
  3 adders
  A white imp (D:6)
  3 worms (D:2)
  3 dart slugs
  85 orcs
  A ball python (D:3)
  7 endoplasms
  3 giant cockroaches
  5 goblins
  3 hobgoblins
  6 jackals
  19 kobolds
  A quokka (D:2)
  7 bats
  4 frilled lizards
  4 rats
  A fungus (Lair:3)
  5 tentacles
1396 creatures vanquished.

Vanquished Creatures (others)
  A titan simulacrum (Coc:1)
  A hellion (Coc:2)
  A bunyip simulacrum (Coc:2)
  A yaktaur (Vaults:1)
  3 humans (D:13)
  A naga (Snake:4)
  A harpy simulacrum (Coc:2)
  An orc (D:6)
  13 fulminant prisms
  16 fungi
  81 plants
  17 tentacles
137 creatures vanquished.

Grand Total: 1533 creatures vanquished

Notes
Turn   | Place    | Note
-------+----------+-------------------------------------------
     0 | D:5      | drugrobin the Demigod Delver began the quest for the Orb.
     0 | D:5      | Reached XP level 1. HP: 18/18 MP: 3/3
    71 | D:5      | Noticed a hound
   132 | D:5      | Noticed a black bear
   271 | D:4      | Reached XP level 2. HP: 25/25 MP: 4/4
   921 | D:1      | Reached XP level 3. HP: 30/30 MP: 5/5
  1645 | D:2      | Noticed Sigmund
  1764 | D:2      | Noticed Terence
  1830 | D:2      | Noticed Natasha
  1841 | D:1      | Killed Terence
  1842 | D:1      | Reached XP level 4. HP: 24/37 MP: 6/6
  1954 | D:2      | Killed Natasha
  2216 | D:2      | Noticed Natasha
  2223 | D:2      | Killed Sigmund
  2224 | D:2      | Reached skill level 5 in Axes
  2224 | D:2      | Reached XP level 5. HP: 23/44 MP: 7/7
  2232 | D:2      | Killed Natasha
  2585 | D:2      | Noticed Natasha
  2599 | D:2      | Killed Natasha
  2600 | D:2      | Reached XP level 6. HP: 26/50 MP: 8/8
  2861 | D:3      | Noticed Jessica
  2871 | D:3      | Killed Jessica
  3352 | D:4      | Reached skill level 3 in Fighting
  4444 | D:5      | Reached XP level 7. HP: 52/58 MP: 9/9
  4560 | D:5      | Reached skill level 4 in Fighting
  4710 | D:6      | Reached skill level 1 in Evocations
  4779 | D:6      | Noticed a shadow
  4786 | D:6      | Killed a shadow
  4819 | D:6      | Noticed Prince Ribbit
  4825 | D:6      | Reached XP level 8. HP: 43/67 MP: 10/10
  4881 | D:6      | Found Orodghaf's Distillery.
  4887 | D:6      | Bought a potion of heal wounds for 65 gold pieces
  4887 | D:6      | Bought a potion of berserk rage for 65 gold pieces
  4887 | D:6      | Bought 2 potions of might for 104 gold pieces
  4887 | D:6      | Bought a potion of curing for 39 gold pieces
  4949 | D:6      | Noticed Eustachio
  4965 | D:6      | Killed Eustachio
  5036 | D:6      | Reached skill level 5 in Fighting
  5234 | D:6      | Killed Prince Ribbit
  5308 | D:6      | Found Kiriomyi's Antique Weapon Shop.
  5367 | D:6      | Found a staircase to the Ecumenical Temple.
  5654 | D:6      | Found Keprigam's Weapon Shop.
  5990 | D:6      | Paralysed by an orc warrior for 2 turns
  6221 | D:7      | Noticed Maggie
  6233 | D:7      | Reached XP level 9. HP: 56/73 MP: 11/11
  6240 | D:7      | Killed Maggie
  6241 | D:7      | Reached skill level 6 in Fighting
  6741 | D:7      | Reached skill level 10 in Axes
  6873 | D:7      | Identified the +6 mace "Gofu Riese" {vamp, rPois Dex+6}
  7971 | D:8      | Reached skill level 5 in Evocations
  8890 | D:9      | Found a staircase to the Lair.
  8915 | D:9      | Reached skill level 7 in Fighting
  8949 | D:9      | Reached XP level 10. HP: 86/86 MP: 13/13
  9323 | D:9      | Found a staircase to the Orcish Mines.
  9340 | Orc:1    | Entered Level 1 of the Orcish Mines
  9340 | Orc:1    | Noticed an orc knight
 10629 | Orc:1    | Killed an orc knight
 10630 | Orc:1    | Reached skill level 8 in Fighting
 10908 | Orc:2    | Entered Level 2 of the Orcish Mines
 10908 | Orc:2    | Noticed an orc knight
 10934 | Orc:1    | Killed an orc knight
 11486 | Orc:2    | Noticed an orc knight
 11634 | Orc:1    | Killed an orc knight
 11635 | Orc:1    | Reached XP level 11. HP: 24/95 MP: 14/14
 12144 | Orc:2    | Noticed an orc knight
 12343 | Orc:2    | Killed an orc knight
 12598 | Orc:2    | Noticed Sonja
 12613 | Orc:2    | Killed Sonja
 12896 | Orc:2    | Noticed an orc knight
 12917 | Orc:2    | Killed an orc knight
 13098 | Orc:2    | Noticed an orc high priest
 13122 | Orc:2    | Killed an orc high priest
 13123 | Orc:2    | Reached skill level 9 in Fighting
 13460 | Orc:2    | Noticed an orc knight
 13483 | Orc:2    | Killed an orc knight
 13668 | Orc:2    | Noticed an orc knight
 14123 | Orc:2    | Killed an orc knight
 14283 | Orc:2    | Noticed an orc knight
 14441 | Orc:1    | Killed an orc knight
 14887 | Orc:2    | Noticed an orc knight
 14898 | Orc:2    | Killed an orc knight
 15150 | Orc:2    | Found a staircase to the Elven Halls.
 15247 | Orc:2    | Noticed an orc knight
 15281 | Orc:2    | Killed an orc knight
 15369 | Orc:2    | Noticed an orc knight
 15383 | Orc:2    | Killed an orc knight
 15640 | Orc:2    | Noticed an orc knight
 15669 | Orc:2    | Killed an orc knight
 15739 | Orc:2    | Reached XP level 12. HP: 89/106 MP: 15/15
 16244 | Orc:2    | Reached skill level 10 in Fighting
 16488 | Orc:2    | Found Kibretac's Antique Weapon Shoppe.
 16488 | Orc:2    | Found Lioreisu's Distillery.
 16489 | Orc:2    | Found Ugibbos's Assorted Antiques.
 16489 | Orc:2    | Found Emeed's Distillery.
 16497 | Orc:2    | Bought a scroll labelled PYXELI OSILU for 25 gold pieces
 16497 | Orc:2    | Bought a scroll of identify for 50 gold pieces
 16497 | Orc:2    | Bought a glowing sapphire amulet for 125 gold pieces
 16497 | Orc:2    | Bought a fizzy red potion for 22 gold pieces
 16499 | Orc:2    | Bought a potion of magic for 96 gold pieces
 16499 | Orc:2    | Bought a potion of flight for 36 gold pieces
 16499 | Orc:2    | Bought a potion of degeneration for 12 gold pieces
 16513 | Orc:2    | Bought a potion of attraction for 42 gold pieces
 16513 | Orc:2    | Bought a potion of mutation for 112 gold pieces
 16608 | Lair:1   | Entered Level 1 of the Lair of Beasts
 17046 | Lair:1   | Noticed Amaemon
 17051 | Lair:1   | Killed Amaemon
 17634 | Lair:2   | Reached skill level 15 in Axes
 18052 | Lair:2   | Reached skill level 1 in Armour
 18626 | Lair:3   | Noticed JakeJacob's ghost (journeyman GrBe)
 18654 | Lair:3   | Found a transporter.
 18663 | Lair:3   | Found a transporter.
 18999 | Lair:3   | Found a staircase to the Snake Pit.
 19059 | Lair:3   | Reached XP level 13. HP: 114/114 MP: 16/16
 19801 | Lair:3   | Reached skill level 10 in Evocations
 20139 | Lair:3   | Reached skill level 11 in Fighting
 20278 | Lair:3   | Found a staircase to the Shoals.
 21171 | Lair:5   | Entered Level 5 of the Lair of Beasts
 21277 | Lair:5   | Noticed Rupert
 21436 | D:10     | Entered Level 10 of the Dungeon
 21955 | D:10     | Identified the +7 dagger of Parts Unknown {elec, Str+2
                  | Dex+4}
 21995 | D:10     | Found a portal to a secret trove of treasure.
 23074 | D:12     | Noticed Jorgrun
 23086 | D:12     | Killed Jorgrun
 23100 | D:12     | Noticed Lodul
 23112 | D:12     | Killed Lodul
 23113 | D:12     | Reached skill level 5 in Armour
 23336 | D:12     | Found Gozag's Platinum Reserve.
 23376 | D:12     | Noticed Nessos
 23385 | D:12     | Killed Nessos
 23728 | D:13     | Found a frozen archway.
 23780 | IceCv    | Entered an ice cave
 24036 | IceCv    | Reached XP level 14. HP: 112/125 MP: 17/17
 24296 | IceCv    | Reached skill level 12 in Fighting
 24951 | IceCv    | Got the Tome of Ice
 25552 | D:13     | Noticed Kirke
 25571 | D:13     | Killed Kirke
 25742 | D:13     | Noticed Josephine
 25751 | D:13     | Killed Josephine
 25870 | D:13     | Found a gate to the Vaults.
 26431 | Snake:1  | Entered Level 1 of the Snake Pit
 26979 | Snake:1  | Found Roar's Armour Emporium.
 26979 | Snake:1  | Found Houzon's Antique Armour Shoppe.
 26981 | Snake:1  | Found Uxkaome's Jewellery Emporium.
 26982 | Snake:1  | Found Lienwuorghik's Antique Armour Shoppe.
 26990 | Snake:1  | Bought a glowing troll leather armour for 756 gold pieces
 26990 | Snake:1  | Bought a pair of embroidered gloves for 315 gold pieces
 27557 | Snake:1  | Noticed Nikola
 27588 | Snake:1  | Killed Nikola
 28165 | Snake:2  | Reached skill level 1 in Spellcasting
 28689 | Snake:2  | Reached skill level 13 in Fighting
 28901 | Snake:2  | Noticed a nagaraja
 29059 | Snake:2  | Killed a nagaraja
 29064 | Snake:2  | HP: 5/129 [poisoned by a nagaraja (bolt of poison)]
 29066 | Snake:2  | HP: 2/129 [poisoned by a nagaraja (bolt of poison)]
 29071 | Snake:2  | HP: 2/129 [poisoned by a nagaraja (bolt of poison)]
 29256 | Snake:2  | Reached XP level 15. HP: 121/136 MP: 23/23
 29263 | Snake:2  | Learned a level 3 spell: Conjure Flame
 29267 | Snake:2  | Learned a level 3 spell: Swiftness
 29271 | Snake:2  | Learned a level 3 spell: Confusing Touch
 29352 | Snake:2  | Reached skill level 1 in Conjurations
 30083 | Snake:2  | Noticed Vashnia
 30380 | Snake:2  | Killed Vashnia
 30642 | Snake:3  | Reached skill level 5 in Dodging
 30727 | Snake:3  | Learned a level 3 spell: Call Canine Familiar
 31172 | Snake:3  | Reached skill level 5 in Spellcasting
 31321 | Snake:3  | Noticed Aizul
 31402 | Snake:3  | Killed Aizul
 31465 | Snake:3  | Reached skill level 14 in Fighting
 31814 | Snake:4  | Entered Level 4 of the Snake Pit
 32677 | Snake:4  | Noticed Agnes
 32688 | Snake:4  | Killed Agnes
 32689 | Snake:4  | Reached XP level 16. HP: 55/147 MP: 27/30
 34152 | Snake:4  | Reached skill level 15 in Fighting
 34356 | Snake:4  | Got a serpentine rune of Zot
 34607 | Shoals:1 | Entered Level 1 of the Shoals
 35315 | Shoals:1 | Reached skill level 16 in Fighting
 35514 | Shoals:1 | You are sucked into a shaft and drop 1 floor!
 35514 | Shoals:2 | Found a runed translucent gate.
 35515 | Shoals:2 | Found a runed translucent gate.
 35516 | Shoals:2 | Found a runed translucent gate.
 36419 | Shoals:2 | Learned a level 3 spell: Vampiric Draining
 36424 | Shoals:2 | Learned a level 4 spell: Hailstorm
 36429 | Shoals:2 | Learned a level 4 spell: Flame Wave
 36758 | Shoals:2 | Noticed Zeldest's ghost (journeyman MeVM)
 37397 | Shoals:3 | Reached XP level 17. HP: 160/160 MP: 33/33
 37463 | Shoals:3 | Found Buzos's General Store.
 38066 | Shoals:4 | Entered Level 4 of the Shoals
 38235 | Shoals:4 | Reached skill level 17 in Fighting
 38253 | Shoals:4 | Noticed Ilsuiw
 38282 | Shoals:4 | Killed Ilsuiw
 38360 | Shoals:4 | Reached skill level 10 in Dodging
 38839 | Shoals:4 | Noticed Polyphemus
 38853 | Shoals:3 | Killed Polyphemus
 40026 | Shoals:4 | Got a barnacled rune of Zot
 40114 | Shoals:4 | Found the +8 demon trident "Rift" {distort, reach+}
 40518 | D:10     | You paid a toll of a +8 demon trident to enter a treasure
                  | trove
 40519 | Trove    | Entered a treasure trove
 41439 | D:14     | Found Hierebeq's Jewellery Boutique.
 41451 | D:14     | Reached skill level 18 in Fighting
 41661 | D:15     | Entered Level 15 of the Dungeon
 41999 | D:15     | Noticed Newt's ghost (journeyman DsGl)
 42074 | D:15     | Found a runed translucent gate.
 42074 | D:15     | Found a runed translucent gate.
 42074 | D:15     | Found a runed translucent gate.
 42789 | D:15     | Reached XP level 18. HP: 161/173 MP: 35/35
 42794 | D:15     | Learned a level 4 spell: Fulminant Prism
 42798 | D:15     | Learned a level 3 spell: Frozen Ramparts
 42813 | D:15     | Found a staircase to the Depths.
 42853 | Depths:1 | Entered Level 1 of the Depths
 43173 | Snake:1  | Bought the +3 pair of gauntlets of War {Slay+5} for 1140
                  | gold pieces
 43173 | Snake:1  | Found the +3 pair of gauntlets of War {Slay+5}
 43962 | Depths:1 | Found a gateway to a bazaar.
 44034 | Depths:1 | Reached skill level 1 in Shields
 44053 | Depths:1 | Reached skill level 19 in Fighting
 44430 | Depths:1 | Reached skill level 5 in Conjurations
 44559 | Depths:1 | Found a one-way gate leading to the halls of Pandemonium.
 44742 | Depths:1 | Found a transporter.
 44913 | Depths:1 | Found a gateway to Hell.
 45022 | Depths:1 | HP: 5/176 [spriggan defender/+5 rapier of venom[the
                  | Enchantress] (5)]
 45027 | Depths:1 | HP: 4/176 [poisoned by a spriggan defender]
 45382 | Depths:1 | Found a transporter.
 45382 | Depths:1 | Found a transporter.
 45448 | Depths:1 | Found a transporter.
 45495 | Depths:1 | Noticed the Enchantress
 45676 | Depths:1 | Killed the Enchantress
 45868 | Depths:1 | Found Itefiz's Book Shoppe.
 45868 | Depths:1 | Found Veghid's Jewellery Shop.
 45869 | Depths:1 | Found Ockuumy's Jewellery Shop.
 46580 | Depths:2 | Found the +4 skin of Zhor {*Englaciate rC+++ SInv}
 47083 | Depths:2 | Found Ucem's Self-Improvement Boutique.
 47979 | Hell     | Entered the Vestibule of Hell
 47979 | Hell     | Noticed Geryon
 48001 | Hell     | Killed Geryon
 48002 | Hell     | Noticed Murray
 48636 | Depths:2 | Identified the +0 chain mail of Haemargh {Slay+2}
 49224 | Depths:2 | Identified the +1 flail of Fuprav {holy, +Blink rElec rC-
                  | Int-2}
 49237 | Depths:2 | Identified the ring "Fafugh" {rC+ Dex+6}
 49282 | Depths:2 | Found a one-way gate to the infinite horrors of the Abyss.
 49768 | Depths:3 | Reached XP level 19. HP: 160/184 MP: 33/36
 50282 | Depths:3 | Found a runed translucent gate.
 50282 | Depths:3 | Found a runed translucent gate.
 50282 | Depths:3 | Found a runed translucent gate.
 50282 | Depths:3 | Noticed Sigur's ghost (adept FeVM)
 50383 | Depths:3 | Reached skill level 20 in Fighting
 51232 | Depths:3 | Noticed Vv
 52349 | Lair:3   | Killed JakeJacob's ghost
 52648 | Lair:5   | Learned a level 4 spell: Summon Lightning Spire
 52745 | Lair:5   | Killed Rupert
 53525 | Lair:5   | Found a staircase to the Slime Pits.
 54104 | Hell     | HP: 9/187 [blizzard demon/the air (6)]
 55015 | Depths:1 | Killed Murray
 56272 | Depths:3 | Killed Vv
 57543 | Bazaar   | Entered a bazaar
 57546 | Bazaar   | Found Bymiq's Weapon Shop.
 57559 | Bazaar   | Found Fonei's Magic Scroll Shop.
 57569 | Bazaar   | Bought a scroll of teleportation for 33 gold pieces
 57569 | Bazaar   | Bought a scroll of teleportation for 33 gold pieces
 57569 | Bazaar   | Bought a scroll of brand weapon for 104 gold pieces
 57569 | Bazaar   | Bought a scroll of enchant weapon for 82 gold pieces
 57585 | Bazaar   | Found Gaseku's Assorted Antiques.
 57609 | Bazaar   | Found Mathiaf's Distillery.
 57614 | Bazaar   | Bought a potion of curing for 30 gold pieces
 57614 | Bazaar   | Bought a potion of heal wounds for 50 gold pieces
 57614 | Bazaar   | Bought a potion of might for 40 gold pieces
 57679 | Bazaar   | Bought a scroll of teleportation for 84 gold pieces
 57679 | Bazaar   | Bought a potion of haste for 280 gold pieces
 59034 | Hell     | Found a gateway to the decaying netherworld of Tartarus.
 59370 | Hell     | Found a gateway to the ashen valley of Gehenna.
 59655 | Hell     | Found a gateway to the Iron City of Dis.
 59700 | Hell     | Found a gateway to the freezing wastes of Cocytus.
 60305 | Coc:1    | Entered Level 1 of Cocytus
 60663 | Coc:1    | Reached skill level 21 in Fighting
 60740 | Coc:1    | Paralysed by a wendigo for 1 turns
 61447 | Tar:1    | Entered Level 1 of Tartarus
 61447 | Tar:1    | Noticed an ancient lich
 61447 | Tar:1    | Noticed a profane servitor
 61447 | Tar:1    | Noticed a profane servitor
 61449 | Tar:1    | Noticed a doom hound
 61450 | Tar:1    | Noticed a doom hound
 61458 | Hell     | Killed an ancient lich
 61459 | Hell     | Reached XP level 20. HP: 131/178 MP: 37/37
 61764 | Vaults:1 | Entered Level 1 of the Vaults
 64228 | Vaults:1 | Found Rampenipn's Weapon Shoppe.
 64324 | Vaults:1 | Reached skill level 15 in Dodging
 65548 | Coc:2    | Paralysed by a wendigo for 1 turns
 65549 | Coc:2    | Killed from afar by an elemental wellspring

Illustrated notes

Levels and vault maps discovered:
D:1:      tarquinn_simple_flora_water_d, layout_rooms
D:2:      layout_loops_ring, ebering_ecumenical_altar_sacrificial, uniq_terence,
          uniq_natasha, uniq_sigmund
D:3:      layout_basic, hangedman_ru_absence, uniq_jessica
D:4:      layout_cave_pools, nicolae_concentric_dashed_squares_wild
D:5:      layout_rooms, mainiacjoe_overflow_surrounded_room
D:6:      layout_basic, zin_statuary, minmay_temple_entry_mini_moons,
          serial_shops, shop, nicolae_shop_hallway_plus,
          nicolae_shop_bloodbath_and_beyond, uniq_eustachio, uniq_prince_ribbit1
D:7:      layout_loops_ring, grunt_ministairs_3, uniq_maggie
D:8:      layout_loops_cross, minivault_14, nicolae_hexahallways,
          kennysheep_nondescript, sigmund_army
D:9:      layout_grid_maze, nicolae_ashenzari_panopticon,
          erik_lair_orcish_takeover, david_orc_2, minmay_misc_feat_pillars
D:10:     layout_roguey, grunt_temple_overflow_open, trove_entry_hex_spiral
D:11:     layout_long_grid, minmay_misc_feat_alley
D:12:     layout_cave_pools, chequers_avenue, nicolae_gozag_zags_fifth_avenue,
          uniq_nessos, uniq_lodul, uniq_jorgrun
D:13:     layout_cave_pools, david_vaults_5, portal_ice_cave_rime,
          uniq_josephine, uniq_kirke
D:14:     layout_grid_maze, serial_shops, nicolae_shop_trees
D:15:     grunt_enter_depths_snipers, layout_loops_ring, minmay_misc_feat_room,
          gammafunk_ghost_icy, nrook_loot_triangle, xom_redecorated
Lair:1:   layout_long_grid, hangedman_lair_unloving_vines, uniq_amaemon
Lair:2:   layout_chaotic_city, grunt_megastairs_1
Lair:3:   nzn_winding_woodlands_three_and_one [nzn_winding_woodlands_5x15_cabin,
          nzn_winding_woodlands_5x15_pathside_ponds,
          nzn_winding_woodlands_5x15_twine, nzn_winding_woodlands_center_lodge],
          layout_misc_corridors, minmay_shoals_entry_hut, gammafunk_ghost_hive
Lair:4:   layout_cave_shapes, special_room [special_room_bee]
Lair:5:   evilmike_catoblepas_cave, layout_regular_city,
          dpeg_slime_entry_enclosed, serial_rivers,
          chequers_serial_rivers_micro_b, chequers_serial_rivers_room_a,
          chequers_serial_rivers_micro_e, chequers_serial_rivers_small_3,
          chequers_serial_rivers_small_a, infiniplex_staircase_pool_2,
          uniq_rupert
Shoals:1: layout_shoals
Shoals:2: layout_shoals, ebering_ghost_rock_garden
Shoals:3: layout_shoals, serial_shops, shop,
          nicolae_shoals_nymph_descending_staircase
Shoals:4: shoals_end_hangedman, layout_shoals, shoals_ilsuiw_alternative,
          uniq_polyphemus
Snake:1:  layout_chambers, basic_altar, minmay_shoptagon, grunt_megastairs_4,
          serial_bayou_shore_b, uniq_nikola
Snake:2:  layout_cave_shapes, lemuel_fruit_tree, uniq_vashnia
Snake:3:  layout_cave_town, grunt_ministairs_10, uniq_aizul
Snake:4:  snake_pit_salamanders_mu, layout_rooms, nicolae_snake_biting_tails,
          uniq_agnes
Orc:1:    layout_caves, serial_shops, nicolae_shop_statue_plus
Orc:2:    st_orc_pillars, layout_diamond_mine, uniq_sonja
Vaults:1: st_cross, hangedman_vaults_hat, hangedman_vaults_locks,
          grunt_vaults_swirl, vaults_room_grid, layout_vaults_chaotic_city,
          serial_shops, nicolae_lakefront_shop
Depths:1: layout_gridlike, serial_shops, bzr_entry_road, grunt_pan_entry_zigzag,
          hangedman_coc_ice_floe, minmay_misc_feat_plants,
          nicolae_diode_quadrants, kennysheep_random_hallway, minmay_shop_grove,
          uniq_enchantress
Depths:2: minmay_the_grid_triangle_9x9_rhombus_thin_mashed
          [minmay_the_grid_triangle_9x9_impossible_snake,
          minmay_the_grid_triangle_9x9_prize_insulated,
          minmay_the_grid_triangle_9x9_corrupted_corridor,
          minmay_the_grid_triangle_9x9_sprig], layout_gridlike,
          lightli_too_deep, rand_demon_pan_entry_8, abyss_entry_crystal,
          nicolae_shop_self_help, nicolae_triple_integral
Depths:3: grunt_bruiser_brothers, layout_cave_pools, hell_entry, abyss_entry,
          gammafunk_ghost_ooze, uniq_vv, uniq_margery
Hell
Coc:1:    layout_ice_bergs
Coc:2:    layout_ice_bergs
Tar:1:    layout_honeycomb, evilmike_ambush [evilmike_ambush_outer_corners,
          evilmike_ambush_inner_basic]

Skill      XL: |  1  2  3  4  5  6  7  8  9 10 11 12 13 14 15 16 17 18 19 20 |
---------------+-------------------------------------------------------------+-----
Axes           | 2 3 5 6 7 9 10 12 13 15 16 18 | 18.0
Dodging        | 2 3 7 9 12 14 15 | 15.2
Fighting       | 3 4 5 7 8 9 10 11 13 14 16 18 19 21 | 21.6
Evocations     | 1 3 5 6 8 9 10 11 14 | 14.0
Armour         | 2 5 7 |  7.0
Spellcasting   | 3 6 8 |  8.0
Conjurations   | 4 8 |  8.0
Shields        | 4 |  4.0
Stealth        | |  4.6

Action                   |  1- 3 |  4- 6 |  7- 9 | 10-12 | 13-15 | 16-18 | 19-21 || total
-------------------------+-------+-------+-------+-------+-------+-------+-------++-------
Melee: Hand axe          |   123 |   152 |   248 |       |       |       |       ||   523
       Mace              |       |       |   104 |   426 |       |       |       ||   530
       Broad axe         |       |       |       |   209 |   874 |  1159 |   667 ||  2909
       Demon whip        |       |       |       |       |    28 |    35 |     6 ||    69
 Fire: Sling             |    39 |     4 |    11 |       |       |       |       ||    54
Throw: Dart              |     5 |    11 |     5 |    15 |     6 |       |       ||    42
       Boomerang         |       |    10 |    64 |    84 |    69 |    71 |    45 ||   343
       Javelin           |       |       |       |       |     4 |       |       ||     4
       Throwing net      |       |       |       |       |     1 |       |       ||     1
 Cast: Call Canine Famil |       |       |       |       |     6 |    12 |     5 ||    23
       Swiftness         |       |       |       |       |     1 |       |       ||     1
       Hailstorm         |       |       |       |       |       |    14 |     3 ||    17
       Flame Wave        |       |       |       |       |       |     2 |     1 ||     3
       Fulminant Prism   |       |       |       |       |       |     5 |     8 ||    13
       Frozen Ramparts   |       |       |       |       |       |     3 |     1 ||     4
       Summon Lightning  |       |       |       |       |       |       |     6 ||     6
       Vampiric Draining |       |       |       |       |       |       |     3 ||     3
       Conjure Flame     |       |       |       |       |       |       |     1 ||     1
       Confusing Touch   |       |       |       |       |       |       |     1 ||     1
Evoke: Wand              |     4 |     7 |     6 |     4 |     4 |     9 |     4 ||    38
       Lightning rod     |       |       |       |       |     5 |     6 |       ||    11
       Condenser vane    |       |       |       |       |     1 |     3 |     4 ||     8
       Box of beasts     |       |       |       |       |       |     1 |     1 ||     2
       Phantom mirror    |       |       |       |       |       |     1 |     1 ||     2
       Phial of floods   |       |       |       |       |       |     1 |       ||     1
       Horn of Geryon    |       |       |       |       |       |       |     1 ||     1
       Tin of tremorston |       |       |       |       |       |       |     2 ||     2
  Use: Scroll            |       |       |       |    13 |    10 |     2 |     6 ||    31
       Potion            |       |       |       |       |     6 |     2 |     7 ||    15
 Stab: Sleeping          |     1 |       |     1 |     2 |     2 |     5 |     4 ||    15
       Paralysed         |       |       |     8 |     6 |     5 |     2 |     2 ||    23
       Distracted        |       |       |       |     5 |    16 |    33 |    19 ||    73
       Invisible         |       |       |       |       |       |       |     6 ||     6
Armor: Chain mail        |    67 |    70 |    48 |       |       |       |       ||   185
       Leather armour    |     4 |       |    87 |       |       |       |       ||    91
       Ring mail         |       |       |       |    51 |       |       |       ||    51
       Plate armour      |       |       |       |   178 |   204 |       |       ||   382
       Troll leather arm |       |       |       |    13 |   100 |   160 |       ||   273
       Animal skin       |       |       |       |       |       |    40 |   235 ||   275
       Acid dragon scale |       |       |       |       |       |    11 |       ||    11
Dodge: Dodged            |    51 |    47 |   146 |   165 |   209 |   428 |   375 ||  1421
Block: Buckler           |     5 |    20 |    53 |   104 |   334 |   425 |   313 ||  1254
       Reflection        |       |       |       |     1 |    46 |    48 |     6 ||   101

Table legend: (Time is in decaauts)
 A = Elapsed time spent in this place.
 B = Non-inter-level travel time spent in this place.
 C = Inter-level travel time spent in this place.
 D = Time resting spent in this place.
 E = Time spent auto-exploring this place.
 F = Levels seen in this place.
 G = Mean time per level.
                   A        B        C        D        E       F      G
               +--------+--------+--------+--------+--------+-----+--------+
         Total |  65231 |  60712 |   4519 |  19444 |  27504 |  41 | 1591.0 |
       Dungeon |  17567 |  15802 |   1765 |   2819 |   9283 |  15 | 1171.1 |
          Lair |   6715 |   6007 |    708 |    563 |   4219 |   5 | 1343.0 |
        Shoals |   5657 |   5422 |    235 |   1650 |   2446 |   4 | 1414.2 |
     Snake Pit |   8107 |   7707 |    400 |   2359 |   3313 |   4 | 2026.8 |
  Orcish Mines |   6016 |   5933 |     83 |   2710 |   1776 |   2 | 3008.0 |
        Vaults |   2387 |   2244 |    143 |    296 |   1536 |   1 | 2387.0 |
        Depths |  13188 |  12260 |    928 |   6655 |   3220 |   3 | 4396.0 |
          Hell |   3086 |   2938 |    148 |   1971 |    485 |   1 | 3086.0 |
       Cocytus |    644 |    538 |    106 |      8 |    284 |   2 |  322.0 |
      Tartarus |      2 |      2 |      0 |      0 |      0 |   1 |    2.0 |
        Bazaar |    142 |    142 |      0 |      0 |     22 |   1 |  142.0 |
         Trove |     58 |     58 |      0 |      0 |      0 |   1 |   58.0 |
      Ice Cave |   1655 |   1655 |      0 |    410 |    918 |   1 | 1655.0 |
               +--------+--------+--------+--------+--------+-----+--------+

Top non-repeatable levels by time:
Depths:1: 6399 daAuts
Depths:2: 5334 daAuts
   Orc:2: 3408 daAuts
    Hell: 3086 daAuts
   Orc:1: 2608 daAuts
 Snake:2: 2589 daAuts
 Snake:4: 2450 daAuts
Vaults:1: 2387 daAuts
  Lair:3: 2156 daAuts
     D:9: 1981 daAuts
Shoals:4: 1880 daAuts
    D:15: 1844 daAuts
 Snake:1: 1767 daAuts
   IceCv: 1655 daAuts
     D:8: 1573 daAuts
